Cogmind - Beta 16 @@@ ROGUE MODE // 2025.11.25 @ 21:39:09 Player: Skysub Result: Self-destructed Performance ------------- Evolutions (1) 500 Regions Visited (3) 600 Robots Destroyed (0) 0 Value Destroyed (0) 0 Prototype IDs (0) 0 Alien Tech Used (0) 0 Bonus (200) 200 TOTAL SCORE: 1300 Bonus ------- Pacifist 200 Cogmind --------- Core Integrity 307/400 Matter 295/300 Energy 100/100 System Corruption 0% Temperature Cool (0) Movement Core (50) Location -9/Mines Parts ------- > --- POWER (1) -------- (None) > --- PROPULSION (3) --- (None) > --- UTILITY (3) ------ (None) > --- WEAPON (2) ------- (None) > --- INVENTORY (5) ---- Light Ion Engine Maul Peak State ------------ > --- POWER ------------ (None) > --- PROPULSION ------- VTOL Module > --- UTILITY ---------- (None) > --- WEAPON ----------- (None) > --- INVENTORY -------- Light Ion Engine Maul [Rating: 2] Favorites ----------- Power None Propulsion VTOL Module Flight Unit VTOL Module Utility None Weapon None Build | -11 -10 -9 -9 ------- Run | Yrd Mat Mat Min Slots Evolved 2 | . . 2 . Power . | . . . . Propulsion 1 | . . 1 . Utility 1 | . . 1 . Weapon . | . . . . Parts Attached 1 | . . 1 . Power . | . . . . Engine . | . . . . Core . | . . . . Reactor . | . . . . Propulsion 1 | . . 1 . Treads . | . . . . Leg . | . . . . Wheel . | . . . . Hover . | . . . . Flight 1 | . . 1 . Utility . | . . . . Device . | . . . . Storage . | . . . . Processor . | . . . . Hackware . | . . . . Protection . | . . . . Artifact . | . . . . Weapon . | . . . . Energy Gun . | . . . . Energy Cannon . | . . . . Ballistic Gun . | . . . . Ballistic Cannon . | . . . . Launcher . | . . . . Special Weapon . | . . . . Impact Weapon . | . . . . Slashing Weapon . | . . . . Piercing Weapon . | . . . . Special Melee Weapon . | . . . . Unidentified Prototypes . | . . . . Parts Lost 1 | . . . 1 Power . | . . . . Propulsion 1 | . . . 1 Utility . | . . . . Weapon . | . . . . Highest Loss Streak 1 | . . . 1 To Critical Strikes . | . . . . Average Backups 1 | . 1 1 2 Power . | . 1 1 1 Propulsion . | . . . . Utility . | . . . . Weapon . | . . . 1 Tool/Special . | . . . . Unused Backups 2 | . . . 2 Power 1 | . . . 1 Propulsion . | . . . . Utility . | . . . . Weapon 1 | . . . 1 Tool/Special . | . . . . Average Slot Usage (%) 3 | . . 2 11 Flight 3 | . . 2 11 Peak Build Rating 2 | . . 2 2 Average Rating . | . . . 1 On Entrance . | . . . 2 Avg Prop Armor Cover (%) . | . . . . Naked Turns 86 | . 45 39 2 Heaviest Build . | . . . . Greatest Support 4 | 3 3 4 4 Greatest Overweight (x) . | . . . . Average Overweight (x) . | . . . . Largest Inventory Capacity 5 | 5 5 5 5 Average Capacity 5 | 5 5 5 5 Most Carried 2 | 1 1 2 2 Average Carried 1 | . 1 1 2 Final Capacity 5 | 5 5 5 5 Final Carried 2 | 1 1 2 2 Class Distribution -------------------- 100% | Mutant Dominant Class ---------------- Mutant | -10/Materials Mutant | -9/Materials Mutant | -9/Mines Resources | -11 -10 -9 -9 ----------- Run | Yrd Mat Mat Min Matter Collected 200 | 180 20 . . Remotely . | . . . . Salvage Created . | . . . . Parts . | . . . . Haulers Intercepted . | . . . . Recyclers Shooed . | . . . . Parts Field Recycled . | . . . . Retrieved Matter . | . . . . Parts Self-Destructed . | . . . . Prevented . | . . . . Parts Restored . | . . . . Kills | -11 -10 -9 -9 ------- Run | Yrd Mat Mat Min Combat Hostiles Destroyed . | . . . . Classes Destroyed . | . . . . Best Kill Streak . | . . . . Combat Bots Only . | . . . . Max Kills in Single Turn . | . . . . Gunslinging . | . . . . Exploded . | . . . . Melee . | . . . . Uniques/NPCs Destroyed . | . . . . Combat | -11 -10 -9 -9 -------- Run | Yrd Mat Mat Min Hostile Shots Fired 42 | . 24 9 9 Missed 20 | . 12 5 3 Hits 22 | . 12 4 6 Projectile 22 | . 12 4 6 Damage Taken 217 | . 90 61 66 Core 183 | . 90 61 32 Absorbed by Shields . | . . . . Core Remaining (%) 82 | 100 64 . . Volleys Fired . | . . . . Largest . | . . . . Hottest . | . . . . Shots Fired . | . . . . Gun . | . . . . Cannon . | . . . . Launcher . | . . . . Special . | . . . . Kinetic . | . . . . Thermal . | . . . . Explosive . | . . . . Electromagnetic . | . . . . Robot Hit Streak . | . . . . Robot Miss Streak . | . . . . Penetration Max . | . . . . Secondary Targets . | . . . . Shots Hit Robots . | . . . . Core Hits . | . . . . Critical Kills . | . . . . Critical Parts Destroyed . | . . . . Critical Strikes . | . . . . Melee Attacks . | . . . . Impact . | . . . . Slashing . | . . . . Piercing . | . . . . Sneak Attacks . | . . . . Combat Hostiles . | . . . . Follow-up Attacks . | . . . . Damage Inflicted 8 | . . 8 . Guns . | . . . . Cannons . | . . . . Explosions . | . . . . Melee . | . . . . Ramming 8 | . . 8 . Kinetic . | . . . . Thermal . | . . . . Explosive . | . . . . Electromagnetic . | . . . . Impact . | . . . . Slashing . | . . . . Piercing . | . . . . Highest Corruption . | . . . . Average Corruption . | . . . . Corruption Purged . | . . . . Corruption Blocked . | . . . . Overload Shots . | . . . . Overflow Damage . | . . . . Projectiles . | . . . . Explosions . | . . . . Melee . | . . . . Knockbacks . | . . . . Impact . | . . . . Kinetic . | . . . . Secondary . | . . . . Self-Inflicted Damage 4 | . . 4 . Shots . | . . . . Rammed 1 | . . 1 . Targets Rammed 1 | . . 1 . Kicked . | . . . . Crushed . | . . . . Highest Temperature . | . . . . Average Temperature . | . . . . Received Heat Transfer 27 | . . 27 . Siege Activations . | . . . . Martial Activations . | . . . . Shielding Activations . | . . . . Robots Disrupted . | . . . . Combat Hostiles . | . . . . Robots Corrupted . | . . . . Combat Hostiles . | . . . . Parts Fried . | . . . . Impact Corruptions . | . . . . Robots Melted . | . . . . Combat Hostiles . | . . . . Parts Melted . | . . . . Heat Transferred . | . . . . Parts Sabotaged . | . . . . Parts Stolen . | . . . . Parts Stripped . | . . . . Power Chain Reactions . | . . . . Alert | -11 -10 -9 -9 ------- Run | Yrd Mat Mat Min Maximum Alert Level . | . . . . Low Security (%) 100 | 100 100 100 100 Level 1 . | . . . . Level 2 . | . . . . Level 3 . | . . . . Level 4 . | . . . . Level 5 . | . . . . High Security . | . . . . Max Security . | . . . . Peak Influence 40 | . . . 40 Initial . | . . . . Average 1 | . . . 6 Influence Increases 60 | . . . 60 Lose Combat Pursuer 60 | . . . 60 Influence Decreases 20 | . . . 20 Time Decay 10 | . . . 10 Lost Part 10 | . . . 10 Squads Dispatched 1 | . . 1 . Investigation 1 | . . 1 . Extermination . | . . . . Reinforcement . | . . . . Assault . | . . . . Garrison . | . . . . Intercept . | . . . . Searches Triggered . | . . . . Construction Impeded . | . . . . Haulers Reinforced . | . . . . Active Scanning Responses . | . . . . Cargo Convoy Interrupts . | . . . . Stealth | -11 -10 -9 -9 --------- Run | Yrd Mat Mat Min Distress Signals 1 | . 1 . . Communications Jammed . | . . . . Distress Signals . | . . . . Times Spotted 27 | . 5 6 16 Peak Tracking Total 22 | . 5 6 22 Tactical Retreats 1 | . . . 1 Traps | -11 -10 -9 -9 ------- Run | Yrd Mat Mat Min Traps Triggered . | . . . . Indirectly . | . . . . Trap Hack Attempts . | . . . . Triggered . | . . . . Disarmed . | . . . . Reprogrammed . | . . . . Reused . | . . . . Traps Extracted . | . . . . Installed . | . . . . Triggered . | . . . . Machines | -11 -10 -9 -9 ---------- Run | Yrd Mat Mat Min Machines Disabled . | . . . . Max in Single Turn . | . . . . Machines Repaired . | . . . . Machines Dismantled . | . . . . Machines Sabotaged . | . . . . Overloaded Fab Kills . | . . . . Hacking | -11 -10 -9 -9 --------- Run | Yrd Mat Mat Min Machines Accessed 1 | . . 1 . Terminals 1 | . . 1 . Fabricators . | . . . . Repair Stations . | . . . . Recycling Units . | . . . . Scanalyzers . | . . . . Garrison Access . | . . . . Total Hacks 3 | . . 3 . Successful 1 | . . 1 . Failed 2 | . . 2 . Catastrophic 1 | . . 1 . Database Lockouts . | . . . . Manual 3 | . . 3 . Terminals 3 | . . 3 . Fabricators . | . . . . Repair Stations . | . . . . Recycling Units . | . . . . Scanalyzers . | . . . . Garrison Access . | . . . . Terminal Hacks . | . . . . Fabricator Hacks . | . . . . Repair Station Hacks . | . . . . Recycling Unit Hacks . | . . . . Scanalyzer . | . . . . Garrison Access Hacks . | . . . . Unauthorized Hacks 1 | . . 1 . Terminals 1 | . . 1 . Botnet 1 | . . 1 . Fabricators . | . . . . Repair Stations . | . . . . Recycling Units . | . . . . Scanalyzers . | . . . . Garrison Access . | . . . . Data Cores Recovered . | . . . . Used . | . . . . Hacking Detections 1 | . . 1 . Full Trace Events 1 | . . 1 . Feedback Events . | . . . . Feedback Blocked . | . . . . Robot Schematics Acquired . | . . . . Robots Built . | . . . . Authchips . | . . . . Time . | . . . . Total Robot Build Rating . | . . . . Part Schematics Acquired . | . . . . Parts Built . | . . . . Authchips . | . . . . Time . | . . . . Total Part Build Rating . | . . . . Part Studies Acquired . | . . . . Parts Repaired . | . . . . Time . | . . . . Parts Recycled . | . . . . Recycled Matter . | . . . . Retrieved Matter . | . . . . Retrieved Components . | . . . . Parts Scanalyzed . | . . . . Part Schematics Acquired . | . . . . Parts Damaged . | . . . . Bothacking | -11 -10 -9 -9 ------------ Run | Yrd Mat Mat Min Used RIF Installer . | . . . . Robots Hacked . | . . . . Non-combat . | . . . . Combat . | . . . . Robot Hacks Applied . | . . . . Relay Couplers Released . | . . . . Fabnet Peak Effective % . | . . . . Robots Rewired . | . . . . Allies Hacked . | . . . . Hacks Repelled . | . . . . Allies | -11 -10 -9 -9 -------- Run | Yrd Mat Mat Min Total Allies . | . . . . Largest Group . | . . . . Highest-Rated Group . | . . . . Highest-Rated Ally . | . . . . Total Orders . | . . . . Ally Attacks . | . . . . Total Damage . | . . . . Kills . | . . . . Allies Corrupted . | . . . . Allies Melted . | . . . . Intel | -11 -10 -9 -9 ------- Run | Yrd Mat Mat Min Active Infowar (turns) . | . . . . Robot Analysis Total . | . . . . Derelict Logs Recovered . | . . . . Drone Launches . | . . . . Drone Recoveries . | . . . . Exploration | -11 -10 -9 -9 ------------- Run | Yrd Mat Mat Min Turns Passed 124 | 14 45 45 20 Spaces Moved 255 | 25 90 86 54 Core 191 | 25 90 73 3 Treads . | . . . . Legs . | . . . . Wheels . | . . . . Hover . | . . . . Flight 64 | . . 13 51 Fastest Speed 35 | 50 50 35 35 Average Speed 46 | 50 50 47 35 Slowest Speed 50 | 50 50 50 50 Overloaded Moves . | . . . . Propulsion Burnouts . | . . . . Robots Hopped 5 | . . . 5 Potential Cave-ins . | . . . . Cave-ins Triggered . | . . . . Exploration Rate (%) 17 | 2 35 16 17 Regions Visited 3 Branch Regions 1 Pre-discovered Areas . | . . . . Known Exits Taken . | . . . . Unknown Exits Taken 3 | 1 1 1 . Scrap Searched . | . . . . Spaces Dug . | . . . . Terrain Destroyed . | . . . . Melee . | . . . . Projectile . | . . . . AOE . | . . . . Terrain Rammed . | . . . . Walls Destroyed . | . . . . Machines Disabled . | . . . . Actions | -11 -10 -9 -9 --------- Run | Yrd Mat Mat Min Total 251 | 25 89 88 49 Wait . | . . . . Move 245 | 24 89 85 47 Hop 2 | . . . 2 Pick Up 2 | 1 . 1 . Fast Attach 1 | . . 1 . Attach . | . . . . Detach . | . . . . Swap . | . . . . Drop . | . . . . Fire . | . . . . Melee . | . . . . Ram 1 | . . 1 . Kick . | . . . . Crush . | . . . . Escape Stasis . | . . . . Rewire . | . . . . Trap . | . . . . Miscellaneous . | . . . . Route ------- -11/Scrapyard -10/Materials (discovered 2 exits: *Mat / [*Min]) -9/Materials -9/Mines History --------- Turn | Location | Event 5 | -11/Scrapyard | Discovered new exit (range 15) 15 | -11/Scrapyard | Entered Materials 36 | -10/Materials | Discovered new exit (range 15) 53 | -10/Materials | Discovered new exit (range 13) 60 | -10/Materials | Entered another Materials area 60 | -9/Materials | Evolved 2 slots: Propulsion x1, Utility x1 85 | -9/Materials | Discovered new exit (range 14) 105 | -9/Materials | Entered Mines 119 | -9/Mines | Assembled infested the area 125 | -9/Mines | Self-destructed Last Messages --------------- Testing... Terminal linked with 0 systems. Awaiting botnet instructions. 00072_ ALERT: Suspicious activity at Terminal M010. Dispatching Investigation squad. 00078_ K-01 Serf collects debris. 00078_ Slammed into T-07 Excavator. 00078_ K-01 Serf collects debris. 00085_ EXIT=FOUND 00087_ K-01 Serf collects debris. 00090_ Acquired Maul. 00098_ K-01 Serf collects debris. 00099_ Acquired VTOL Module. LOCATION=UNKNOWN GOAL=ESCAPE Something is scanning the area. 00106_ K-01 Serf collects debris. 00119_ ALERT: Infestation in the mines, dispatching Demolisher response squad. 00123_ VTOL Module destroyed. Map ----- +----------------------------------------------------+ | ???# ##### #???????????????????????? | | ??# ######???# #???????????????????????? | | ??## #?????????# #???????????????????????? | | ???###??????????# #???????????????????????? | | ????????????##### #???????????????????????? | | ????????????# #???????????????????????? | | ????????????# ### #???????????????????????? | | ??????#?????????# #???????????????????????? | | ??????# ????????# #???????????????????????? | | ?????? ????????# #???????????????????????? | | ?????? ????????# #???????????????????????? | | ?????? ????????# #???????????????????????? | | ??????? #??###### #???????????????????????? | | ??????? ??# #???????????????????????? | | ??????? ??# ######???????????????????????? | | ???????# ??# #????????????????????????????? | | ???????# ??# #????????????????????????????? | | ???????# ??# #????????????????????????????? | | ???????# ### ##???????????????????????????? | | ???????# #???????????????????????????? | | ???????## ## #???????????????????????????? | | ????????# ## #?????###???????????????????? | | ????????# ## ##???? ##??????????????????? | | ????????# ## ##?? ##?????????????????? | | ????????# ### ###???????????????? | | ????????#### @ """ C??????????????? | | ???????????## """ ##???????????????? | | ????????????# ## """ #????????????????? | | ????????????# #### ##????????????????? | | ???????????# #???######?????????????????? | | ??????????# #??????????????????????????? | | ??????????# #??????????????????????????? | | ??????????## ??????????????????????????? | | ???????????# ??????????????????????????? | | ??????????? ??????????????????????????? | | ??????????? ?????????????????????????? | | ?????????? ?????????????????????????? | | ?????????? ?????????????????????????? | | ?????????" #?????????????????????????? | | ?????????? ## #?????????????????????????? | | ???????????#?? ??????????????????????????? | | ??????????????????????????????????????????? | | ??????????????????????????????????????????? | | ??????????????????????????????????????????? | | ??????????????????????????????????????????? | | ??????????????????????????????????????????? | | ??????????????????????????????????????????? | | ??????????????????????????????????????????? | | ??????????????????????????????????????????? | | ??????????????????????????????????????????? | +----------------------------------------------------+ Best States ------------- Heat Dissipation 28 Energy Generation 5 Energy Capacity 100 Matter Stores 300 Matter Capacity 300 Sight Range 16 Terrain Scan Density 10 Evasion (%) 63 Item Schematics ----------------- None Robot Schematics ------------------ None Fabricated ------------ Nothing Repaired ---------- Nothing Studied --------- None Alien Tech Used ----------------- None Achievements -------------- None Challenges ------------ None Game ------ Seed RestorationNeutronAmplifier Manual? 0 Play Time 00:02:06 Cumulative 285.5 hours Start 2025.11.25 @ 21:37:24 End 2025.11.25 @ 21:39:09 Sessions 1 Manual Loads 0 Difficulty Rogue Special Mode None Game No. 310 Rogue 310 Adventurer 0 Explorer 0 Win Type - Total 14 Types 7/0/3/1/1/0/0/1/0/1 Lore% 77 Gallery% 75 Achievement% 57 Wizard Run 0 Options --------- Layout 1 ASCII 0 Keyboard 1 Movement Numpad Keybinds 0 Fullscreen 0 Font 32/SmallcapsGlow Map View 77x35 Zoom Use 0% Tactical HUD 1 Map Filters NONE Filters NONE Steam 1 RUN: 5c72f3e5-750c-4b1e-aaea-1481a246414b